 Dungeon Crawl Stone Soup version 0.24.0-1-gfbc8707 (webtiles) character file.

Game seed: 11641939755250668639, levelgen mode: deterministic

396 Fang the Skirmisher (level 6, 0/40 HPs)
             Began as a Gargoyle Berserker on Oct 31, 2019.
             Was a Believer of Trog.
             Slain by an ogre
             ... wielding a +0 giant club
              (23 damage)
             ... on level 4 of the Dungeon.
             The game lasted 00:03:54 (3789 turns).

Fang the Skirmisher (Gargoyle Berserker)            Turns: 3789, Time: 00:03:54

Health: 0/40       AC: 13    Str: 23    XL:     6   Next: 83%
Magic:  6/6        EV:  9    Int:  7    God:    Trog [**....]
Gold:   265        SH:  3    Dex:  9    Spells: 5/5 levels left

rFire    + . .     SeeInvis .   a - +1 war axe
rCold    + . .     Gourm    .   (no shield)
rNeg     + + .     Faith    .   b - +0 chain mail
rPois    ∞         Spirit   .   (no helmet)
rElec    +         Reflect  +   j - scarf {rC+ rF+}
rCorr    .         Harm     .   (no gloves)
MR       .....                  (no boots)
Stlth    ..........             h - +3 amulet of reflection
HPRegen  0.13/turn              o - ring of positive energy
MPRegen  0.10/turn              (no ring)

@: no status effects
A: negative energy resistance 1, electricity resistance, unbreathing,
petrification resistance, rot immunity, AC +4
a: Berserk, Trog's Hand, Renounce Religion


You were on level 4 of the Dungeon.
You worshipped Trog.
Trog was pleased with you.
You were very hungry.

You visited 1 branch of the dungeon, and saw 4 of its levels.

You collected 265 gold pieces.

Inventory:

Hand Weapons
 a - a +1 war axe (weapon)
Armour
 b - a +0 chain mail (worn)
 j - a scarf of resistance (worn)
Jewellery
 h - a +3 amulet of reflection (around neck)
 o - a ring of positive energy (left hand)
Scrolls
 l - a scroll of blinking {unknown}
 n - a scroll of fear {unknown}
 p - a scroll of remove curse
Potions
 d - a potion of ambrosia {unknown}
 e - a potion of berserk rage
 i - 2 potions of magic {unknown}
 k - a potion of heal wounds {unknown}
 m - 3 potions of degeneration {unknown}
 q - a potion of curing {unknown}
Comestibles
 c - 9 rations


   Skills:
 * Level 5.3 Fighting
 * Level 4.3 Axes
 + Level 3.8 Armour
 + Level 2.8 Dodging


You had 5 spell levels left.
You didn't know any spells.
Your spell library was empty.

Dungeon Overview and Level Annotations

Branches:
Dungeon (4/15)
 Temple: D:4-7

Altars:
Cheibriados
Gozag
Qazlal


Innate Abilities, Weirdness & Mutations

You are resistant to torment.
Your stone body is resilient. (AC +4)
You are immune to poison.
You resist negative energy. (rN+)
You are resistant to electric shocks. (rElec)
You can survive without breathing.
You are immune to petrification.
You are immune to rotting.


Message History

An orc comes into view. It is wielding a +0 dagger.
An orc priest comes into view. It is wielding a +0 flail.
You closely miss the giant cockroach.
The giant cockroach bites you but does no damage.
You closely miss the giant cockroach.
The giant cockroach bites you but does no damage. x2
You closely miss the hound.
Your chain mail prevents you from hitting the giant cockroach.
The hound barely misses you.
The giant cockroach bites you but does no damage.
The hound bites you but does no damage.
The orc priest calls down the wrath of Beogh upon you.
Beogh smites you!
You slash the ogre!
The ogre is moderately wounded.
You closely miss the hound. You closely miss the giant cockroach.
The giant cockroach barely misses you. You block the hound's attack.
The ogre hits you with a +0 giant club!!
Ouch! That really hurt!
You die...

###### ###...#####
.....#.####...#
#.##.#....[...#
#.##.######...# . #....#
#...########.# ###..#
#...##.......#
###..######.......(.....
.....................#
###.............@so.$# #
#.............Oho..#
###..######...##.##oo#
....## #.....^.. ....
#.### #...###### ... #.#
#...... #. ..# #....##.
### #....#


You could see an ogre, a hound, 2 orc priests, 2 orcs and a giant cockroach.

Vanquished Creatures
  A sky beast (D:3)
  A phantom (D:4)
  5 gnolls
  9 adders
  3 oozes
  2 worms (D:2)
  A dart slug (D:3)
  5 leopard geckos
  An orc (D:4)
  A ball python (D:2)
  A giant cockroach (D:3)
  4 hobgoblins
  4 jackals (D:2)
  8 kobolds
  3 quokkas
  8 bats
  3 frilled lizards
  5 goblins
  5 rats
70 creatures vanquished.

Notes
Turn   | Place    | Note
-------+----------+-------------------------------------------
     0 | D:1      | Fang the Gargoyle Berserker began the quest for the Orb.
     0 | D:1      | Reached XP level 1. HP: 14/14 MP: 1/1
   359 | D:1      | Reached XP level 2. HP: 19/19 MP: 2/2
   654 | D:1      | You fall into a shaft and drop 1 floor!
   670 | D:2      | Reached XP level 3. HP: 24/24 MP: 3/3
  1049 | D:2      | Found a snail-covered altar of Cheibriados.
  1054 | D:2      | Reached XP level 4. HP: 26/29 MP: 4/4
  1114 | D:2      | Reached ** piety under Trog
  1310 | D:2      | Reached skill level 4 in Fighting
  2234 | D:3      | Noticed a sky beast
  2250 | D:3      | Killed a sky beast
  2250 | D:3      | Reached XP level 5. HP: 34/34 MP: 5/5
  2497 | D:3      | Found an opulent altar of Gozag.
  2536 | D:3      | Reached XP level 6. HP: 38/39 MP: 6/6
  2930 | D:3      | Found a stormy altar of Qazlal.
  3273 | D:4      | Reached skill level 5 in Fighting
  3284 | D:4      | Noticed a phantom
  3345 | D:4      | Killed a phantom
  3789 | D:4      | Slain by an ogre

Levels and vault maps discovered:
D:1:      nicolae_arrival_somewhat_less_tricky_arrival, layout_basic
D:2:      wander_river, layout_loops_cross, cheibriados_altar_1, first_ration,
          serial_co_window_serial, co_window_corner_a, co_window_corner_a,
          co_window_of_opportunity_a, co_window_paths_a, co_window_paths_b,
          co_window_paths_a, co_window_corner_a, co_window_broadway_b,
          co_window_broadway_c, co_window_unsneaky_path_b,
          minmay_split_cup_large
D:3:      layout_loops_ring, grunt_gozag_statues, old_standard_altar
D:4:      layout_loops_cross, uniq_blork_the_orc

Skill      XL: |  1  2  3  4  5  6 |
---------------+-------------------+-----
Axes           | 3 4 |  4.3
Dodging        | 2 |  2.8
Fighting       | 4 5 |  5.3
Armour         | 3 |  3.8

Action                   |  1- 3 |  4- 6 || total
-------------------------+-------+-------++-------
Melee: Hand axe          |   117 |     2 ||   119
       War axe           |       |   356 ||   356
Invok: Berserk           |     1 |     3 ||     4
  Use: Scroll            |       |     3 ||     3
  Eat: Chunk             |     2 |    11 ||    13
Armor: Chain mail        |    75 |   322 ||   397
Dodge: Dodged            |    65 |   229 ||   294
Block: Other             |       |     4 ||     4
